 Dungeon Crawl Stone Soup version 0.13.0-26-gf7ffa3a (webtiles) character file.

428 Lilouch the Firebug (level 6, 0/32 HPs)
             Began as a Deep Elf Fire Elementalist on Nov 1, 2013.
             Was a Follower of Kikubaaqudgha.
             Slain by a centaur (6 damage)
             ... on Level 5 of the Dungeon.
             The game lasted 00:53:01 (4497 turns).

Lilouch the Firebug (Deep Elf Fire Elementalist)    Turns: 4497, Time: 00:53:02

HP   0/32        AC  9     Str  7      XL: 6   Next: 40%
MP  18/18        EV 11     Int 22      God: Kikubaaqudgha [*.....]
Gold 62          SH  0     Dex 15      Spells:  5 memorised,  1 level left

Res.Fire  : . . .   See Invis. : .   x - +2,+5 flail of Watchfulness {venom, +Inv rC+ MR++}
Res.Cold  : + . .   Warding    : .   e - +3 leather armour "Pish" {Str+2 Dam+6}
Life Prot.: . . .   Conserve   : .   (no shield)
Res.Poison: .       Res.Corr.  : .   h - +1 dwarf visored helmet
Res.Elec. : .       Clarity    : .   (no cloak)
Sust.Abil.: . .     Spirit.Shd : .   (no gloves)
Res.Mut.  : .       Stasis     : .   E - +0 pair of boots
Res.Rott. : .       Flight     : .   H - amulet of faith
Saprovore : . . .                    (no ring)
                                     I - ring of teleport control

@: about to teleport, quite resistant to hostile enchantments, fairly stealthy
A: no striking features
a: Receive Corpses, Renounce Religion, Evoke Invisibility, Evoke Teleport
Control


You were on level 5 of the Dungeon.
You worshipped Kikubaaqudgha.
Kikubaaqudgha was aware of your devotion.
You were not hungry.

You visited 1 branch of the dungeon, and saw 5 of its levels.

You collected 146 gold pieces.
You spent 104 gold pieces at shops.

Inventory:

Hand weapons
 k - a +1,+0 short sword of flaming
 x - the +2,+5 flail of Watchfulness (weapon) {venom, +Inv rC+ MR++}
   (You found it on level 4 of the Dungeon)

   It poisons the flesh of those it strikes.
   It protects you from cold.
   It affects your resistance to hostile enchantments.
   It lets you turn invisible.
 G - a -1,+1 orcish club
 J - a +1,+0 dagger of freezing
 K - a -1,+0 orcish dagger
 L - a +2,+4 dagger of venom
 M - a +0,+0 dwarven dagger
 R - a +0,+1 orcish hand axe
Missiles
 D - 3 darts of dispersal (quivered)
Armour
 e - the +3 leather armour "Pish" (worn) {Str+2 Dam+6}
   (You took it off a kobold on level 4 of the Dungeon)

   It affects your strength (+2).
   It affects your damage-dealing abilities (+6).
 h - a +1 dwarven visored helmet (worn)
 E - a +0 pair of boots (worn)
Magical devices
 d - a wand of flame (0)
 C - a wand of digging (10) {unknown}
Comestibles
 a - 2 chunks of ogre flesh
 c - 2 bread rations
 f - 3 meat rations
 l - a snozzcumber
 u - 3 chokos
Scrolls
 i - a scroll of noise {unknown}
 n - 3 scrolls of remove curse
 r - a scroll of fog {unknown}
 s - a scroll of enchant weapon I
 B - a scroll of blinking {unknown}
 P - a scroll of fear {unknown}
Jewellery
 H - an amulet of faith (around neck)
 I - a ring of teleport control (left hand)
Potions
 g - 2 potions of restore abilities {unknown}
 o - 2 potions of flight
 p - 2 potions of invisibility
 q - a potion of magic {unknown}
 t - a potion of resistance {unknown}
 w - a potion of speed
 A - 2 potions of heal wounds {unknown}
 O - a potion of blood
Books
 b - a book of Flames

   Spells                             Type                      Level
   *Flame Tongue                      Conjuration/Fire             1
   *Throw Flame                       Conjuration/Fire             2
   *Conjure Flame                     Conjuration/Fire             3
   Inner Flame                        Hexes/Fire                   3
   Sticky Flame                       Conjuration/Fire             4
   Fireball                           Conjuration/Fire             5


   Skills:
 + Level 2.2 Armour
 - Level 2.4 Dodging
 - Level 2.4 Stealth
 + Level 3.6 Spellcasting
 + Level 3.2 Conjurations
 * Level 5.8 Fire Magic


You had one spell level left.
You knew the following spells:

 Your Spells              Type           Power        Failure   Level  Hunger
a - Flame Tongue          Conj/Fire      ###..        1%          1    None
b - Throw Flame           Conj/Fire      ###...       3%          2    #......
c - Conjure Flame         Conj/Fire      ###.....     8%          3    ###....
d - Regeneration          Chrm/Necr      #.........   38%         3    ###....
e - Sublimation of Blood  Necr           #.........   21%         2    #......


Dungeon Overview and Level Annotations

Branches:
Dungeon (5/27)
 Temple: D:4-7

Altars:
Fedhas
Kikubaaqudgha

Shops:
D:5 ?


Message History

Aim: a giant spore (hasn't noticed you)
You throw a spear. The spear hits the giant spore.
The giant spore explodes!
A fungus suddenly grows.
An active ballistomycete comes into view.
A centaur comes into view.
A sky beast comes into view.
The sky beast flickers out of sight!
Deactivating autopickup; reactivate with Ctrl-A.
The centaur hits you.
Found a potion of invisibility.
You barely miss the centaur. The centaur hits you. It hits you. It shocks you.
The centaur barely misses you. It hits you. It shocks you!
* * * LOW HITPOINT WARNING * * *
Unknown command.
Read which item? (? for menu, Esc to quit)
As you read the scroll of teleportation, it crumbles to dust.
You feel strangely unstable. The centaur hits you.
You die...
Kikubaaqudgha rasps: "You have failed me!
Welcome... death!"

## #. .. .#
##################.#####
.......)...............##
.......######..f..).....#
.#####)# #..{@f....### .#
#.# #...{c.f..# .# #.#
#.....f...# .# #.#
#.........# .# #.#
#.........# .# #.#
#.........# .# #.#
#......... .# #.#
#.....!.. .# #.# ...


You could see an active ballistomycete and a centaur.

Vanquished Creatures
  An ogre (D:5)
  An iguana (D:4)
  A worker ant (D:4)
  Ijyb (D:3)
  Terence (D:2)
  8 adders
  A giant mite (D:2)
  An inept feature mimic (D:2)
  3 worms
  2 giant geckos
  2 oozes
  10 orcs
  2 ball pythons
  6 bats
  3 giant cockroaches
  9 hobgoblins
  A quokka (D:2)
  4 giant newts
  A giant spore (D:5)
  7 goblins
  11 jackals
  7 kobolds
  A kobold skeleton (D:4)
  9 rats
93 creatures vanquished.

Notes
Turn   | Place    | Note
--------------------------------------------------------------
     0 | D:1      | Lilouch, the Deep Elf Fire Elementalist, began the quest for the Orb.
     0 | D:1      | Reached XP level 1. HP: 10/10 MP: 4/4
   538 | D:2      | Reached XP level 2. HP: 15/15 MP: 6/6
   757 | D:2      | Reached skill level 4 in Fire Magic
   757 | D:2      | Reached XP level 3. HP: 19/19 MP: 4/9
   768 | D:2      | Reached skill level 1 in Armour
   779 | D:2      | Found a blossoming altar of Fedhas.
   837 | D:2      | Noticed Terence
   853 | D:2      | Killed Terence
  1195 | D:2      | Reached XP level 4. HP: 22/24 MP: 12/12
  2119 | D:3      | Noticed Ijyb
  2409 | D:3      | Killed Ijyb
  2464 | D:3      | Reached XP level 5. HP: 23/28 MP: 8/15
  2494 | D:3      | Reached skill level 5 in Fire Magic
  2975 | D:4      | Found an ancient bone altar of Kikubaaqudgha.
  3071 | D:4      | Became a worshipper of Kikubaaqudgha
  3189 | D:4      | Got a crude flail
  3190 | D:4      | Identified the +2,+5 flail of Watchfulness {venom, +Inv rC+ MR++} (You found it on level 4 of the Dungeon)
  3442 | D:4      | Got an opal-encrusted leather armour
  3461 | D:4      | Identified the +3 leather armour "Pish" {Str+2 Dam+6} (You took it off a kobold on level 4 of the Dungeon)
  3557 | D:4      | Learned a level 2 spell: Throw Flame
  3561 | D:4      | Learned a level 3 spell: Conjure Flame
  4028 | D:4      | Reached XP level 6. HP: 26/32 MP: 14/18
  4046 | D:4      | Acquired Kikubaaqudgha's first power
  4046 | D:4      | Received a gift from Kikubaaqudgha
  4049 | D:4      | Identified Kikubaaqudgha's Grimoire of Unholy Rites (Kikubaaqudgha gifted it to you on level 4 of the Dungeon)
  4211 | D:4      | Learned a level 3 spell: Regeneration
  4214 | D:4      | Learned a level 2 spell: Sublimation of Blood
  4255 | D:5      | Entered Level 5 of the Dungeon
  4307 | D:5      | Found Foymo's Magic Scroll Shop.
  4319 | D:5      | Bought a scroll of remove curse for 39 gold pieces
  4319 | D:5      | Bought a scroll of identify for 26 gold pieces
  4319 | D:5      | Bought a scroll of teleportation for 39 gold pieces
  4497 | D:5      | Slain by a centaur

Action                   |  1- 3 |  4- 6 || total
-------------------------+-------+-------++-------
Melee: Dagger            |     7 |    75 ||    82
       Sabre             |    12 |       ||    12
       Short sword       |     5 |     1 ||     6
       Flail             |       |    10 ||    10
Throw: Dagger            |     5 |    31 ||    36
       Club              |       |    25 ||    25
       Hand axe          |       |    14 ||    14
       Spear             |       |    18 ||    18
       Dart              |       |     3 ||     3
 Cast: Flame Tongue      |    34 |   121 ||   155
       Conjure Flame     |       |     6 ||     6
       Throw Flame       |       |     1 ||     1
       Sublimation of Bl |       |     3 ||     3
       Regeneration      |       |     1 ||     1
  Use: Scroll            |       |    11 ||    11
 Stab: Sleeping          |     2 |       ||     2
